Map: Hardwire LE

Players

Crahture

  • Race: Protoss Protoss
  • League: Platinum
  • Spawn Location: 1:00

Pumba - Winner!

  • Race: Protoss Protoss
  • League: Platinum
  • Spawn Location: 7:00

VOD

Have the link to the VOD?

Description

Time

  • Played on: Feb. 8, 2022, 6:18 p.m.
  • Length: 9:15
Show
View Real Time Build Order
Export as new Build Order

Crahture Protoss 

Build Orders:  

Get SALT Encoding   

  12  0:00  Probe  
  13  0:12  Probe  
  14  0:19  Pylon  
  15  0:28  Probe  
  15  0:38  Gateway  
  15  0:41  Probe (Chrono Boost)  
  16  0:46  Assimilator  
  16  0:51  Probe (Chrono Boost)  
  17  0:58  Probe  
  18  1:10  Probe  
  19  1:33  Cybernetics Core  
  19  1:34  Zealot  
  21  1:45  Nexus  
  21  1:52  Probe  
  22  1:57  Pylon  
  22  2:04  Probe  
  23  2:16  Probe, Stalker  
  23  2:18  Warp Gate  
  26  2:22  Assimilator  
  26  2:28  Probe  
  27  2:41  Gateway  
  27  2:46  Stalker  
  29  3:03  Probe  
  29  3:04  Probe  
  29  3:15  Probe  
  29  3:16  Probe  
  31  3:20  Stalker  
  31  3:26  Shield Battery  
  33  3:27  Probe (Chrono Boost)  
  33  3:31  Robotics Facility  
  35  3:35  Pylon  
  35  3:39  Probe x2 (Chrono Boost)  
  36  3:47  Probe (Chrono Boost)  
  37  3:49  Pylon  
  37  3:51  Stalker  
  37  3:54  Probe  
  40  3:58  Probe  
  41  4:06  Probe  
  42  4:10  Probe  
  42  4:13  Twilight Council, Stalker  
  43  4:30  Stalker  
  39  4:41  Probe (Chrono Boost)  
  40  4:47  Assimilator  
  40  4:49  Assimilator  
  40  4:51  Probe (Chrono Boost)  
  41  4:56  Probe (Chrono Boost)  
  42  5:00  Immortal (Chrono Boost)  
  46  5:08  Probe (Chrono Boost)  
  46  5:12  Probe (Chrono Boost)  
  48  5:18  Probe (Chrono Boost), Stalker  
  48  5:19  Probe (Chrono Boost)  
  52  5:22  Probe (Chrono Boost)  
  52  5:26  Probe  
  54  5:34  Probe  
  54  5:35  Stalker  
  57  5:37  Blink  
  57  5:38  Probe (Chrono Boost)  
  58  5:45  Observer  
  60  5:50  Probe (Chrono Boost)  
  61  5:57  Probe (Chrono Boost)  
  61  5:58  Probe (Chrono Boost)  
  61  6:01  Pylon  
  62  6:19  Probe x2  
  64  6:30  Pylon  
  64  6:31  Probe x2  
  66  6:37  Nexus  
  66  6:40  Pylon  
  66  6:43  Immortal  
  70  6:47  Forge  
  70  6:48  Probe x2  
  70  6:50  Forge  
  70  6:53  Stalker x2  
  76  6:57  Gateway  
  76  7:01  Probe  
  77  7:03  Gateway  
  77  7:15  Shield Battery  
  77  7:22  Immortal  
  81  7:29  Sentry x2  
  85  7:38  Probe (Chrono Boost)  
  86  7:50  Probe x2 (Chrono Boost)  
  88  7:53  Stalker x2  
  88  7:56  Probe x2 (Chrono Boost)  
  94  8:04  Probe x2  
  96  8:08  Probe  
  96  8:12  Immortal  
  101  8:27  Pylon  
  101  8:31  Pylon  
  101  8:33  Pylon  
  101  8:36  Shield Battery  
  101  8:41  Probe x2  
  101  8:43  Probe  
  78  8:49  Stalker  
  78  8:50  Stalker x3  
  78  8:53  Probe  
  73  8:55  Probe  
  68  9:05  Shield Battery  
Show
View Real Time Build Order
Export as new Build Order

Pumba Protoss - Winner!

Build Orders: Oracle Opening 

Get SALT Encoding   

  12  0:00  Probe  
  13  0:13  Probe  
  14  0:20  Pylon  
  14  0:26  Probe  
  15  0:38  Probe (Chrono Boost)  
  15  0:39  Gateway  
  17  0:50  Probe (Chrono Boost)  
  17  0:52  Assimilator  
  17  0:54  Probe (Chrono Boost)  
  18  1:04  Probe (Chrono Boost)  
  18  1:10  Assimilator  
  19  1:17  Probe (Chrono Boost)  
  20  1:20  Gateway  
  20  1:27  Probe  
  20  1:30  Cybernetics Core  
  21  1:39  Probe  
  22  1:42  Pylon  
  22  1:52  Probe  
  23  2:05  Probe  
  23  2:08  Stalker x2  
  28  2:17  Probe  
  28  2:20  Pylon  
  29  2:29  Stargate  
  29  2:46  Warp Gate  
  29  2:52  Nexus  
  29  3:02  Adept x2  
  33  3:16  Oracle (Chrono Boost)  
  36  3:22  Probe  
  37  3:32  Pylon  
  37  3:35  Shield Battery  
  37  3:44  Probe  
  38  3:56  Probe (Chrono Boost)  
  38  4:01  Robotics Facility  
  39  4:04  Forge  
  39  4:06  Twilight Council  
  39  4:07  Probe (Chrono Boost)  
  39  4:08  Probe (Chrono Boost)  
  37  4:39  Probe (Chrono Boost)  
  37  4:42  Sentry  
  37  4:43  Stalker  
  37  4:44  Probe (Chrono Boost)  
  43  4:47  Protoss Ground Weapons Level 1  
  43  4:48  Probe (Chrono Boost)  
  43  4:51  Warp Prism  
  43  4:52  Probe (Chrono Boost)  
  47  4:53  Probe (Chrono Boost)  
  47  4:56  Charge  
  48  5:00  Assimilator  
  48  5:04  Probe (Chrono Boost), Assimilator  
  48  5:05  Probe (Chrono Boost)  
  50  5:08  Stalker  
  52  5:15  Pylon  
  52  5:17  Probe (Chrono Boost)  
  52  5:21  Probe (Chrono Boost)  
  54  5:23  Probe (Chrono Boost)  
  54  5:27  Immortal (Chrono Boost), Probe  
  60  5:31  Gateway  
  60  5:40  Probe x2  
  62  5:46  Gateway, Pylon  
  62  5:52  Probe x2  
  64  6:03  Observer (Chrono Boost)  
  62  6:06  Probe  
  63  6:14  Nexus  
  63  6:16  Pylon  
  63  6:22  Probe x2  
  65  6:34  Probe x2  
  65  6:37  Gateway x2  
  67  6:41  Gateway x2  
  67  6:46  Probe  
  67  6:47  Probe  
  69  6:50  Immortal (Chrono Boost)  
  73  6:55  Zealot  
  73  6:58  Probe  
  73  6:59  Probe  
  77  7:02  Protoss Ground Armor Level 1 (Chrono Boost)  
  77  7:03  Pylon  
  77  7:04  Templar Archives  
  77  7:17  Zealot x4  
  85  7:36  Zealot  
  85  7:37  Zealot x3  
  93  7:50  Zealot x4  
  101  8:02  Pylon  
  101  8:04  Pylon  
  101  8:05  Pylon  
  101  8:08  Pylon  
  101  8:09  Pylon  
  101  8:12  Observer (Chrono Boost)  
  102  8:13  Pylon  
  102  8:18  High Templar x3  
  108  8:21  High Templar  
  108  8:22  High Templar x3  
  108  8:23  High Templar  
  108  8:24  Archon  
  108  8:25  Archon x2  
  108  8:27  Archon  
  112  8:51  Zealot x3  
  108  9:04  Zealot x5  
Tags
 
Add a new tag
Caveats
  • Supply blocks, unpowered buildings, or Contaminate may cause inaccurate times.
  • Supply counts are checked every 10 seconds.